 Dungeon Crawl Stone Soup version 0.30-a0-1085-g990a428a5c (webtiles) character file.

Game seed: 15715364961336894084

312 NateTC the Shield-Bearer (level 6, -1/39 HPs)
             Began as a Gargoyle Fighter on Apr 16, 2023.
             Slain by Edmund
             ... wielding a +2 flail of protection
              (5 damage)
             ... on level 4 of the Dungeon.
             The game lasted 00:07:01 (2681 turns).

NateTC the Shield-Bearer (Gargoyle Fighter)         Turns: 2681, Time: 00:07:01

Health: -1/39      AC: 13    Str: 19    XL:     6   Next: 42%
Magic:  6/6        EV:  4    Int:  9    God:
Gold:   194        SH: 12    Dex: 11    Spells: 5/5 levels left

rFire   + . .      SeeInvis .    a - +1 flail
rCold   . . .      Faith    .    g - +0 tower shield
rNeg    + . .      Spirit   .    h - +0 chain mail
rPois   ∞          Reflect  .    (no helmet)
rElec   +          Rampage  .    (no cloak)
rCorr   .                        (no gloves)
Will    .....                    (no boots) Stlth
                                 (no amulet)
HPRegen 0.26/turn                p - ring of protection from fire
MPRegen 0.10/turn                (no ring)

@: no status effects
A: sickness immunity, AC +4, negative energy resistance 1, electricity
resistance, torment resistance 1, petrification resistance
a: no special abilities


You were on level 4 of the Dungeon.
You visited 2 branches of the dungeon, and saw 5 of its levels.

You collected 194 gold pieces.

Inventory:

Hand Weapons
 a - a +1 flail (weapon)
Armour
 g - a +0 tower shield (worn)
 h - a +0 chain mail (worn)
Jewellery
 p - a ring of protection from fire (left hand)
Wands
 q - a wand of flame (41)
Scrolls
 i - 2 scrolls of fear
 j - a scroll of immolation {unknown}
Potions
 b - 2 potions of heal wounds
 c - a potion of haste {unknown}
 d - a potion of might
 e - 2 potions of brilliance
 f - 4 potions of curing
 k - a potion of flight {unknown}
 l - 2 potions of mutation {unknown}
 o - a potion of attraction {unknown}


   Skills:
 * Level 4.6 Fighting
 + Level 4.0 Maces & Flails
 + Level 4.3 Armour
 + Level 4.6 Shields
 + Level 1.0 Evocations


You had 5 spell levels left.
You didn't know any spells.
Your spell library contained the following spells:

 Spells                   Type           Power      Damage    Failure   Level
 Poisonous Vapours        Pois/Air       0%         N/A       100%        2
 Mephitic Cloud           Conj/Pois/Air  0%         N/A       100%        3
 Portal Projectile        Hex/Tloc       0%         N/A       100%        3
 Tukima's Dance           Hex            0%         N/A       100%        3
 Blade Hands              Tmut           0%         N/A       100%        5
 Freezing Cloud           Conj/Ice/Air   0%         6-21      100%        5


Dungeon Overview and Level Annotations

Branches:
Dungeon (4/15) Zot: 21200  Temple (1/1) D:4 Zot: 5948

Altars:
Ashenzari
Cheibriados
Dithmenos
Fedhas
Gozag
Hepliaklqana
Nemelex Xobeh
Qazlal
Ru
Sif Muna
Uskayaw
Wu Jian
Yredelemnul
The Shining One

Shops:
D:1 !

Annotations:
D:2 1 runed translucent door, Crazy Yiuf
D:4 Edmund


Innate Abilities, Weirdness & Mutations

You are immune to sickness and miasma.
Your stone body is resilient. (AC +4)
You are immune to poison.
You resist negative energy. (rN+)
You are resistant to electric shocks. (rElec)
You are resistant to unholy torment.
You are immune to petrification.


Message History

Edmund hits you with a +2 flail of protection!
Edmund hits you but does no damage.
You barely miss Edmund.
Edmund is severely wounded.
Edmund hits you but does no damage. You block Edmund's attack.
You hit Edmund.
Edmund is severely wounded.
You block Edmund's attack.
You hit Edmund but do no damage.
Edmund is severely wounded.
You block Edmund's attack.
Edmund hits you with a +2 flail of protection.
* * * LOW HITPOINT WARNING * * *
You barely miss Edmund.
Edmund is severely wounded.
Edmund hits you with a +2 flail of protection.
* * * LOW HITPOINT WARNING * * *
You hit Edmund but do no damage.
Edmund is severely wounded.
You block Edmund's attack. Edmund hits you but does no damage.
You hit Edmund but do no damage.
Edmund is severely wounded.
Edmund hits you with a +2 flail of protection.
* * * LOW HITPOINT WARNING * * *
You barely miss Edmund.
Edmund is severely wounded.
Edmund barely misses you. You block Edmund's attack.
You hit Edmund.
Edmund is severely wounded.
You block Edmund's attack. x2
You closely miss Edmund.
Edmund is severely wounded.
Edmund hits you with a +2 flail of protection.
* * * LOW HITPOINT WARNING * * *
You hit Edmund.
Edmund is almost dead.
Edmund hits you with a +2 flail of protection.
* * * LOW HITPOINT WARNING * * *
Edmund hits you with a +2 flail of protection.
You die...

##.####.# ######
#.#....# ##.#.##.#
#.......# #.......#
#.##.##.######
#.##.........#
#.#####.####.#####.#
#.#####.# #..@@...#
#.......# #########
#########


You could see Edmund.

Vanquished Creatures
  A phantom (D:4)
  A scorpion (D:4)
  An orc priest (D:3)
  8 adders
  2 dart slugs
  6 orcs
  8 bats
  8 endoplasms
  3 goblins
  6 hobgoblins
  2 jackals (D:2)
  4 kobolds
  4 quokkas
  7 ball pythons
  3 frilled lizards
  8 rats
72 creatures vanquished.

Notes
Turn   | Place    | Note
-------+----------+-------------------------------------------
     0 | D:1      | NateTC the Gargoyle Fighter began the quest for the Orb.
     0 | D:1      | Reached XP level 1. HP: 14/14 MP: 1/1
   208 | D:1      | Reached XP level 2. HP: 19/19 MP: 2/2
   375 | D:1      | Found Opismiz's Distillery.
   839 | D:2      | Reached XP level 3. HP: 20/24 MP: 3/3
   919 | D:2      | Found a shadowy altar of Dithmenos.
  1047 | D:2      | Reached XP level 4. HP: 16/29 MP: 4/4
  1559 | D:2      | Found a runed translucent door.
  1560 | D:2      | Noticed Crazy Yiuf
  1714 | D:3      | Found a glowing golden altar of the Shining One.
  2083 | D:3      | Reached XP level 5. HP: 29/33 MP: 5/5
  2423 | D:4      | Found a staircase to the Ecumenical Temple.
  2464 | Temple   | Entered the Ecumenical Temple
  2570 | D:4      | Noticed a phantom
  2582 | D:4      | Killed a phantom
  2583 | D:4      | Reached XP level 6. HP: 39/39 MP: 6/6
  2649 | D:4      | Reached skill level 1 in Evocations
  2662 | D:4      | Noticed Edmund
  2681 | D:4      | Slain by Edmund

Illustrated notes

Levels and vault maps discovered:
D:1:      zelgadis_glass_arrival_small, layout_basic, serial_shops,
          nicolae_shop_industrial_runoff
D:2:      layout_loops_cross, basic_altar, minivault_19, uniq_crazy_yiuf_cottage
D:3:      layout_loops_cross, mainiacjoe_overflow_tiny_flanked,
          minmay_misc_feat_encased
D:4:      layout_loops_cross, minmay_temple_entry_butterflies, uniq_edmund
Temple:   cyrus_circular_temple

Skill      XL: |  1  2  3  4  5  6 |
---------------+-------------------+-----
Shields        | 4 |  4.6
Maces & Flails | 3 4 |  4.0
Fighting       | 4 |  4.6
Armour         | 4 |  4.3
Evocations     | 1 |  1.0

Action                     |  1- 3 |  4- 6 || total
---------------------------+-------+-------++-------
  Melee: Flail             |   140 |   143 ||   283
    Use: Scroll            |     4 |     4 ||     8
         Potion            |       |     1 ||     1
 Armour: Scale mail        |    49 |       ||    49
         Chain mail        |    69 |    82 ||   151
  Dodge: Dodged            |    52 |    23 ||    75
  Block: Buckler           |    11 |       ||    11
         Tower shield      |    98 |   124 ||   222

Table legend: (Time is in decaauts)
 A = Elapsed time spent in this place.
 B = Non-inter-level travel time spent in this place.
 C = Inter-level travel time spent in this place.
 D = Time resting spent in this place.
 E = Time spent auto-exploring this place.
 F = Levels seen in this place.
 G = Mean time per level.
                   A        B        C        D        E       F      G
               +--------+--------+--------+--------+--------+-----+--------+
         Total |   2849 |   2750 |     99 |    126 |   1799 |   5 |  569.8 |
       Dungeon |   2797 |   2708 |     89 |    126 |   1765 |   4 |  699.2 |
        Temple |     51 |     42 |      9 |      0 |     34 |   1 |   51.0 |
               +--------+--------+--------+--------+--------+-----+--------+

Top non-repeatable levels by time:
     D:1: 857 daAuts
     D:2: 833 daAuts
     D:3: 817 daAuts
     D:4: 288 daAuts
  Temple: 51 daAuts
